 Dungeon Crawl Stone Soup version 0.29.1-1-gd02db6906a (webtiles) character file.

Game seed: 527947892426667276

858 MisterFreud the Twirler (level 8, 0/62 HPs)
             Began as a Formicid Gladiator on Sept 21, 2022.
             Slain by an orc warrior
             ... wielding a +0 battleaxe
              (20 damage)
             ... on level 4 of the Dungeon.
             The game lasted 00:07:35 (5433 turns).

MisterFreud the Twirler (Formicid Gladiator)        Turns: 5433, Time: 00:07:35

Health: 0/62       AC: 14    Str: 21    XL:     8   Next: 22%
Magic:  8/8        EV:  9    Int:  8    God:
Gold:   101        SH:  0    Dex: 15    Spells: 7/7 levels left

rFire   . . .      SeeInvis +   a - +0 quarterstaff
rCold   + . .      Faith    .   (no shield)
rNeg    . . .      Spirit   .   l - +1 chain mail {rC+}
rPois   +          Reflect  .   (helmet unavailable)
rElec   .          Harm     .   (no cloak)
rCorr   .          Rampage  .   (no gloves)
Will    .....                   (no boots)
Stlth   ..........              (no amulet)
HPRegen 0.20/turn               v - ring of poison resistance
MPRegen 0.11/turn               B - +4 ring of protection

@: no status effects
A: permanent stasis, dig shafts and tunnels, antennae 3, four strong arms, sense
surroundings 1, subdued magic 1
a: Dig, Shaft Self


You were on level 4 of the Dungeon.
You visited 1 branch of the dungeon, and saw 8 of its levels.

You collected 151 gold pieces.
You spent 50 gold pieces at shops.

Inventory:

Hand Weapons
 a - a +0 quarterstaff (weapon)
Missiles
 c - 3 throwing nets (quivered)
 d - 5 javelins
Armour
 b - a +0 leather armour
 l - a +1 chain mail of cold resistance (worn)
Jewellery
 e - a +6 ring of intelligence
 v - a ring of poison resistance (left hand)
 z - a +6 ring of strength
 B - a +4 ring of protection (right hand)
 C - a ring of ice
Wands
 y - a wand of digging (3)
Scrolls
 h - 2 scrolls of teleportation
 j - 7 scrolls of identify {unknown}
 m - 2 scrolls of enchant weapon {unknown}
 p - 4 scrolls of blinking {unknown}
 r - a scroll of immolation {unknown}
 s - a scroll of butterflies {unknown}
 t - a scroll of enchant armour {unknown}
 u - a scroll of silence {unknown}
 A - a scroll of vulnerability {unknown}
Potions
 f - 3 potions of mutation
 g - 5 potions of heal wounds
 i - 3 potions of might
 k - a potion of attraction {unknown}
 n - a potion of lignification {unknown}
 o - 2 potions of curing
 q - a potion of haste {unknown}
 w - 2 potions of degeneration {unknown}
 x - a potion of brilliance


   Skills:
 - Level 5.0 Fighting
 + Level 6.8 Staves
 - Level 2.0 Throwing
 - Level 5.0 Armour
 - Level 2.6 Dodging


You had 7 spell levels left.
You didn't know any spells.
Your spell library contained the following spells:

 Spells                   Type           Power      Damage    Failure   Level
 Sting                    Tmut/Pois      0%         1d3       98%         1
 Poisonous Vapours        Pois/Air       0%         N/A       99%         2
 Olgreb's Toxic Radiance  Pois           0%         N/A       100%        4


Dungeon Overview and Level Annotations

Branches:
Dungeon (8/15)
 Temple: D:4-7         Lair: D:8-11

Altars:
Sif Muna

Shops:
D:2 =   D:3 *   D:4 !   D:5 =

Annotations:
D:3 2 transporters, mtoz's ghost, amateur GnWn
D:5 Ijyb; Sigmund


Innate Abilities, Weirdness & Mutations

You cannot be hasted, slowed, berserked, paralysed or teleported.
You can dig through walls and to a lower floor.
You have a pair of large antennae on your head. (SInv)
Your four strong arms can wield two-handed weapons with a shield.
You passively map a small area around you.
Your spells are a little easier to cast, but a little less powerful.


Message History

The orc warrior shouts!
The orc wizard hits you but does no damage.
You closely miss the orc wizard.
The orc wizard hits you but does no damage.
You hit the orc wizard.
The orc wizard is lightly wounded.
The orc wizard hits you with a +0 dagger.
You hit the orc wizard but do no damage.
The orc wizard is lightly wounded.
You hit the orc warrior but do no damage.
The orc warrior hits you with a +0 battleaxe.
The orc wizard mumbles some strange words.
The orc wizard flickers and vanishes for a moment.
You hit the orc warrior but do no damage.
The orc warrior barely misses you.
You hit the orc warrior.
The orc warrior is lightly wounded.
The orc warrior hits you with a +0 battleaxe!
You completely miss the orc warrior.
The orc warrior is lightly wounded.
The orc warrior hits you with a +0 battleaxe.
You completely miss the orc warrior.
The orc warrior is lightly wounded.
The orc warrior hits you but does no damage.
The orc hits you but does no damage.
You closely miss the orc warrior.
The orc warrior is lightly wounded.
The orc warrior completely misses you. The orc hits you but does no damage.
You hit the orc warrior but do no damage.
The orc warrior is lightly wounded.
The orc warrior hits you with a +0 battleaxe!
The orc hits you but does no damage.
You hit the orc warrior.
The orc warrior is moderately wounded.
The orc warrior hits you with a +0 battleaxe!
The orc barely misses you.
You completely miss the orc warrior.
The orc warrior is moderately wounded.
The orc warrior hits you with a +0 battleaxe!!
You die...

.# #......~~.........##### .#
#.#.............oo# .#
#######....~....~.......#
#####.....#.................#
..........'.................#
#####.....##................#####
................o...#.#+###......
#####.....######o##(..#.###.#####
############@###.(#..........
#...o.# ##)#####.####. ###
#######....[# #)# #.# #. ..#
#...........####.#####.####. ..#
#.......##........)......... ..#
#.......##........####.##### ..#
#.......##'#......#......... ..#
#.......##.##...#...##.##.## ..#
#.......#...#...##..##.##.#.


You could see an orc warrior, an orc wizard (invisible) and an orc.

Vanquished Creatures
  An orc warrior (D:7)
  A sky beast (D:6)
  A phantom (D:6)
  A bullfrog (D:7)
  A necrophage (D:4)
  2 orc priests
  2 hounds
  An iguana (D:6)
  4 orc wizards
  3 gnolls (D:3)
  8 adders
  A white imp (D:7)
  An ufetubus (D:4)
  2 worms (D:4)
  4 dart slugs
  19 orcs
  5 ball pythons
  6 bats
  2 endoplasms
  3 giant cockroaches
  6 goblins
  6 hobgoblins
  2 jackals (D:3)
  A quokka (D:4)
  A frilled lizard (D:1)
  8 kobolds
  3 rats
95 creatures vanquished.

Notes
Turn   | Place    | Note
-------+----------+-------------------------------------------
     0 | D:1      | MisterFreud the Formicid Gladiator began the quest for the
                  | Orb.
     0 | D:1      | Reached XP level 1. HP: 16/16 MP: 1/1
   385 | D:1      | Found a faded altar of an unknown god.
   432 | D:1      | Reached XP level 2. HP: 21/22 MP: 2/2
  1127 | D:2      | Found Tuemanuy's One-of-a-Kind Rings.
  1307 | D:2      | Reached skill level 4 in Staves
  1307 | D:2      | Reached XP level 3. HP: 27/27 MP: 3/3
  1986 | D:3      | Reached XP level 4. HP: 33/33 MP: 4/4
  2122 | D:3      | Found a shimmering blue altar of Sif Muna.
  2178 | D:3      | Reached skill level 5 in Staves
  2186 | D:3      | Gained mutation: Your spells are a little easier to cast,
                  | but a little less powerful. [potion of mutation]
  2186 | D:3      | Gained mutation: You are agile. (Dex +4, Str/Int -1)
                  | [potion of mutation]
  2186 | D:3      | Lost mutation: You are agile. (Dex +4, Str/Int -1) [potion
                  | of mutation]
  2186 | D:3      | Gained mutation: You passively map a small area around you.
                  | [potion of mutation]
  2581 | D:3      | Noticed an ogre
  2581 | D:3      | Noticed mtoz's ghost (amateur GnWn)
  2585 | D:3      | Found a transporter.
  2585 | D:3      | Noticed an ogre
  2590 | D:3      | Found a transporter.
  2861 | D:3      | Reached XP level 5. HP: 29/38 MP: 5/5
  2934 | D:3      | Found Yblol's Assorted Antiques.
  3166 | D:4      | Reached skill level 6 in Staves
  3166 | D:4      | Reached skill level 1 in Armour
  3166 | D:4      | Reached XP level 6. HP: 40/46 MP: 6/6
  3531 | D:4      | Found Tethamp's Distillery.
  3564 | D:4      | Bought a potion of heal wounds for 50 gold pieces
  4122 | D:4      | Noticed an orc warrior
  4123 | D:4      | Found the +1 Delatra's gloves {ID++}
  4244 | D:4      | You fall into a shaft and drop 2 floors!
  4408 | D:6      | Noticed a sky beast
  4428 | D:6      | Killed a sky beast
  4429 | D:6      | Reached XP level 7. HP: 27/54 MP: 7/7
  4532 | D:6      | Noticed a yak
  4533 | D:6      | Noticed a yak
  4545 | D:6      | Noticed a yak
  4566 | D:5      | Entered Level 5 of the Dungeon
  4566 | D:5      | Found Kivouseps's Jewellery Boutique.
  4739 | D:5      | You fall into a shaft and drop 2 floors!
  4825 | D:7      | Reached skill level 5 in Fighting
  5122 | D:7      | Reached skill level 5 in Armour
  5122 | D:7      | Reached XP level 8. HP: 46/62 MP: 8/8
  5313 | D:5      | Noticed Ijyb
  5314 | D:5      | Noticed Sigmund
  5433 | D:4      | Slain by an orc warrior

Illustrated notes

Levels and vault maps discovered:
D:1:      minmay_arrival_solitary_statue, layout_loops_corners,
          hellmonk_ecumenical_altar_inner_sanctum
D:2:      layout_basic, nicolae_shop_unique_rings, minmay_tree_intersection
D:3:      layout_loops_corners, mainiacjoe_overflow_paths, serial_rivers,
          chequers_serial_rivers_small_3, chequers_serial_rivers_small_3,
          chequers_serial_rivers_small_a, chequers_serial_rivers_small_b,
          gammafunk_ghost_smash, serial_shops, shop
D:4:      layout_basic, serial_shops, shop, skrybe_limestone_x,
          pf_guarded_unrand_delatra
D:5:      layout_layer_cave, minmay_misc_feat_cross, nicolae_take_the_stairs,
          uniq_ijyb, uniq_sigmund, uniq_duvessa
D:6:      layout_loops_ring, nicolae_gozag_cash_rules_everything_around_me,
          nicolae_ossuary_entry_ruins
D:7:      layout_rooms, minmay_temple_entry_fiery, lightli_orcish_oven
D:8:      layout_cave_pools, trog_ov_bears_minmay,
          grunt_temple_overflow_growth_and_decay, erik_lair_orcish_takeover,
          gammafunk_ghost_wrathful_warriors, uniq_pikel

Skill      XL: |  1  2  3  4  5  6  7 |
---------------+----------------------+-----
Staves         | 4 5 6 |  6.8
Armour         | 1 3 5 |  5.0
Fighting       | 4 5 |  5.0
Throwing       | |  2.0
Dodging        | |  2.6

Action                   |  1- 3 |  4- 6 |  7- 9 || total
-------------------------+-------+-------+-------++-------
Melee: Quarterstaff      |    67 |   194 |   117 ||   378
       Punch             |     1 |     1 |     1 ||     3
 Abil: Shaft Self        |       |     1 |     1 ||     2
       Dig               |       |       |     2 ||     2
  Use: Potion            |       |     2 |     4 ||     6
       Scroll            |       |       |     2 ||     2
 Stab: Sleeping          |     2 |       |       ||     2
Armor: Chain mail        |    53 |   100 |    69 ||   222
       Leather armour    |     2 |       |       ||     2
Dodge: Dodged            |    33 |    80 |    52 ||   165
